Map: Rhoskallian LE

Players

David

  • Race: Terran Terran
  • Spawn Location: 12:00

Chespitop

  • Race: Terran Terran
  • Spawn Location: 11:00

BarrosLuco

  • Race: Terran Terran
  • League: Silver
  • Spawn Location: 6:00

BryanRevilla

  • Race: Protoss Protoss
  • Spawn Location: 5:00

VOD

Have the link to the VOD?

Description

Time

  • Played on: April 11, 2025, 10:25 a.m.
  • Length: 6:11
Show
View Real Time Build Order
Export as new Build Order

David Terran 

Build Orders:  

Get SALT Encoding   

  12  0:01  SCV  
  13  0:13  SCV  
  14  0:19  Supply Depot  
  14  0:28  Refinery  
  14  0:37  SCV  
  15  0:46  Barracks  
  15  0:49  SCV  
  16  1:02  SCV  
  17  1:30  SCV  
  18  1:37  Barracks  
  18  1:40  Barracks Reactor  
  18  1:42  SCV  
  18  1:45  Engineering Bay  
  19  1:54  SCV  
  20  2:06  SCV  
  21  2:21  Orbital Command  
  21  2:22  Command Center  
  21  2:24  Barracks Reactor  
  21  2:38  Marine x2  
  23  2:46  Refinery  
  23  2:55  Terran Infantry Weapons Level 1  
  23  2:59  Marine  
  23  3:55  SCV, Marine x4  
  28  4:05  SCV  
  29  4:11  Supply Depot  
  29  4:13  Marine x4  
  34  4:17  SCV  
  34  4:22  Factory  
  34  4:29  SCV  
  34  4:30  Marine x3  
  38  4:32  Marine  
  38  4:34  Supply Depot  
  39  4:41  SCV  
  40  4:48  Marine x3  
  40  4:50  Marine  
  44  4:53  SCV  
  45  5:06  Barracks  
  45  5:07  Factory Tech Lab  
  45  5:12  Supply Depot  
  45  5:13  Marine  
  45  5:14  Marine x3  
  46  5:20  Orbital Command  
  49  5:31  Marine  
  49  5:32  SCV, Marine x3  
  49  5:35  Supply Depot  
  53  5:44  SCV  
  53  5:49  Marine  
  51  5:55  Barracks  
  51  5:56  SCV  
  45  5:57  Supply Depot  
Show
View Real Time Build Order
Export as new Build Order

Chespitop Terran 

Build Orders:  

Get SALT Encoding   

  12  0:01  SCV  
  13  0:22  SCV  
  14  0:31  Supply Depot  
  14  0:36  SCV  
  15  0:46  Refinery  
  15  0:53  Engineering Bay  
  15  1:01  Barracks  
  15  1:06  SCV  
  16  1:18  SCV  
  17  1:30  SCV  
  18  1:43  SCV  
  19  1:50  Barracks Tech Lab  
  19  2:04  Supply Depot  
  19  2:08  SCV  
  20  2:20  SCV  
  21  2:33  SCV  
  21  2:34  Command Center  
  21  2:36  Refinery  
  22  2:39  Marauder  
  24  2:57  Orbital Command  
  24  2:59  Marine  
  24  3:18  Marauder  
  26  3:24  SCV  
  27  3:39  Marine  
  24  3:57  Marauder  
  17  4:18  Marine  
  16  4:36  Marine  
  17  4:49  SCV  
  18  4:53  Marine  
  19  5:02  SCV  
  20  5:10  Factory  
  20  5:11  Marine  
  20  5:14  SCV  
  22  5:26  SCV  
  23  5:38  SCV  
  20  5:50  SCV  
  21  6:04  Starport  
Show
View Real Time Build Order
Export as new Build Order

BarrosLuco Terran 

Build Orders:  

Get SALT Encoding   

  12  0:08  SCV  
  13  0:26  Supply Depot  
  13  0:29  Refinery  
  13  0:50  Barracks  
  13  0:51  Barracks  
  13  1:02  Refinery  
  13  1:03  SCV  
  14  1:15  SCV  
  15  1:24  Refinery  
  15  1:27  SCV  
  16  1:42  SCV  
  17  1:51  Reaper  
  18  1:59  Reaper  
  19  2:07  Orbital Command  
  19  2:09  Supply Depot  
  19  2:23  Reaper  
  20  2:31  Reaper  
  20  2:36  SCV  
  22  2:46  Factory  
  22  2:48  SCV  
  23  3:08  Reaper x2  
  25  3:41  Factory Tech Lab  
  24  3:45  Starport  
  24  3:49  Supply Depot  
  23  3:58  SCV  
  24  4:05  Siege Tank  
  24  4:07  Marine x2  
  29  4:10  SCV  
  29  4:12  Supply Depot  
  30  4:22  SCV  
  30  4:34  SCV  
  31  4:39  Liberator  
  34  4:53  Supply Depot, Siege Tank  
  37  5:07  Barracks Reactor x2  
  37  5:14  SCV  
  38  5:25  Starport Reactor  
  38  5:27  Command Center  
Show
View Real Time Build Order
Export as new Build Order

BryanRevilla Protoss 

Build Orders:  

Get SALT Encoding   

  12  0:51  Assimilator  
  12  0:59  Pylon  
  12  1:27  Probe  
  13  1:39  Gateway, Probe  
  14  1:52  Probe  
  15  2:04  Probe  
  16  2:08  Assimilator  
  16  2:16  Probe  
  17  2:28  Probe  
  18  2:33  Cybernetics Core  
  18  2:40  Probe  
  19  2:52  Probe  
  19  2:54  Zealot  
  22  3:02  Forge  
  22  3:04  Probe  
  23  3:26  Warp Gate  
  23  3:46  Nexus  
  23  3:49  Pylon  
  23  3:54  Pylon  
  23  4:00  Assimilator  
  23  4:06  Assimilator  
  23  4:07  Probe  
  24  4:19  Probe  
  24  4:21  Gateway  
  24  4:22  Gateway  
  25  4:26  Gateway  
  25  4:27  Gateway  
  25  4:29  Gateway  
  25  4:31  Probe  
  25  4:32  Gateway  
  26  4:43  Probe  
  27  4:53  Shield Battery  
  27  4:56  Probe  
  28  5:03  Probe  
  29  5:15  Probe  
  30  5:27  Probe  
  31  5:34  Pylon  
  31  5:38  Pylon  
  31  5:39  Probe  
  32  5:51  Probe  
  32  5:54  Stalker x3  
  32  5:55  Stalker x2  
Tags
 
Add a new tag
Caveats
  • Supply blocks, unpowered buildings, or Contaminate may cause inaccurate times.
  • Supply counts are checked every 10 seconds.